 Dungeon Crawl Stone Soup version 0.27.1-33-g824d729ab1 (webtiles) character file.

Game seed: 11218277088875416717

3264 SensoryNuts the Carver (level 9, -3/66 HPs)
             Began as a Vampire Fighter on Dec 10, 2021.
             Was a Follower of Makhleb.
             Slain by a two-headed ogre (18 damage)
             ... on level 7 of the Dungeon.
             The game lasted 00:15:36 (7173 turns).

SensoryNuts the Carver (Vampire Fighter)            Turns: 7173, Time: 00:15:37

Health: -3/66      AC: 10    Str: 18    XL:     9   Next: 68%
Magic:  9/9        EV: 10    Int: 15    God:    Makhleb [*.....]
Gold:   309        SH: 15    Dex: 13    Spells: 8/8 levels left

rFire    . . .     SeeInvis +   s - +1 long sword of Gozag's Scorn {freeze, rC++ Will- Int+4}
rCold    + + +     Faith    .   c - +0 kite shield
rNeg     . . .     Spirit   .   x - +1 ring mail {rC+}
rPois    .         Reflect  +   q - +1 helmet "Pipilijo" {Will+}
rElec    .         Harm     .   n - +0 cloak
rCorr    .         Rampage  .   (no gloves)
Will     .....                  (no boots)
Stlth    +.........             l - amulet of reflection
HPRegen  0.41/turn              m - +4 ring of slaying
MPRegen  0.11/turn              w - ring of flight

@: about to teleport, flying, healing quickly
A: alive, fangs 3, see invisible, vampiric 2
a: Exsanguinate, Renounce Religion


You were on level 7 of the Dungeon.
You worshipped Makhleb.
Makhleb was aware of your devotion.
You visited 2 branches of the dungeon, and saw 8 of its levels.

You collected 309 gold pieces.

Inventory:

Hand Weapons
 a - a +0 long sword
 s - the +1 long sword of Gozag's Scorn (weapon) {freeze, rC++ Will- Int+4}
   (You found it on level 4 of the Dungeon)

   It freezes those it strikes, dealing additional cold damage.
   It can also slow down cold-blooded creatures.
   Int:       It affects your intelligence (+4).
   rC:        It greatly protects you from cold.
   Will:      It decreases your willpower.
Missiles
 v - a throwing net
Armour
 b - a +0 scale mail
 c - a +0 kite shield (worn)
 n - a +0 cloak (worn)
 p - a +0 helmet
 q - the +1 helmet "Pipilijo" (worn) {Will+}
   (You took it off Robin on level 3 of the Dungeon)

   Will:      It increases your willpower.
 x - a +1 ring mail of cold resistance (worn)
Jewellery
 h - a ring of wizardry
 l - an amulet of reflection (around neck)
 m - a +4 ring of slaying (left hand)
 t - a ring of fire
 w - a ring of flight (right hand)
Wands
 d - a wand of flame (11) (quivered)
Scrolls
 f - a scroll of identify
 g - a scroll of teleportation
 i - 3 scrolls of enchant armour
 r - a scroll of magic mapping
 u - a scroll of vulnerability
Potions
 e - a potion of invisibility
 j - 4 potions of curing
 k - a potion of cancellation
 o - 2 potions of flight {unknown}
 z - a potion of resistance {unknown}


   Skills:
 + Level 4.6 Fighting
 * Level 9.0 Long Blades
 + Level 6.1 Armour
 + Level 3.2 Dodging
 + Level 2.5 Stealth
 + Level 5.8 Shields
 + Level 1.5 Evocations


You had 8 spell levels left.
You didn't know any spells.
Your spell library contained the following spells:

 Spells                   Type           Power      Damage    Failure   Level
 Corona                   Hex            0%         N/A       82%         1
 Sandblast                Erth           0%         2d4       82%         1
 Ensorcelled Hibernation  Hex/Ice        0%         N/A       91%         2
 Passwall                 Tmut/Erth      0%         N/A       91%         2
 Slow                     Hex            0%         N/A       91%         2
 Confusing Touch          Hex            0%         N/A       99%         3
 Stone Arrow              Conj/Erth      0%         3d7       99%         3
 Tukima's Dance           Hex            0%         N/A       99%         3
 Vampiric Draining        Necr           0%         2d6       99%         3
 Summon Lightning Spire   Summ/Air       0%         N/A       100%        4
 Bolt of Magma            Conj/Fire/Erth 0%         4d4       100%        5
 Lee's Rapid Deconstruct  Erth           0%         3d5*      100%        5
 Storm Form               Tmut/Air       0%         N/A       100%        7
 Maxwell's Capacitive Co  Air            0%         ∞         100%        8
 Shatter                  Erth           0%         3d5*      100%        9


Dungeon Overview and Level Annotations

Branches:
Dungeon (7/15)             Temple (1/1) D:6

Altars:
Ashenzari
Cheibriados
Dithmenos
Elyvilon
Fedhas
Gozag
Kikubaaqudgha
Makhleb
Okawaru
Qazlal
Ru
Sif Muna
Trog
Uskayaw
Wu Jian
Yredelemnul
The Shining One


Innate Abilities, Weirdness & Mutations

Your natural rate of healing is accelerated.
You have razor-sharp teeth.
You have supernaturally acute eyesight. (SInv)
You are afflicted with vampirism and can become a bat while bloodless.


Message History

You block the bullfrog's attack.
You closely miss the bullfrog. Your bite misses the bullfrog.
The bullfrog is almost dead.
You block the bullfrog's attack.
You closely miss the bullfrog. Your bite misses the bullfrog.
The bullfrog is almost dead.
The bullfrog hits you but does no damage.
You closely miss the bullfrog.
The bullfrog is almost dead.
The bullfrog hits you.
You hit the bullfrog. You freeze the bullfrog.
You kill the bullfrog!
Makhleb accepts your kill.
Your Long Blades skill increases to level 9!
No target in view!
g - 2 scrolls of teleportation (gained 1)
You see here a bullfrog corpse.
A two-headed ogre comes into view.
It is wielding a +0 giant club and a +0 giant spiked club.
The two-headed ogre shouts in stereo!
A two-headed ogre is nearby!
A two-headed ogre is nearby!
The two-headed ogre hits you with a +0 giant club!
The two-headed ogre barely misses you.
You completely miss the two-headed ogre.
You block the two-headed ogre's attack. The two-headed ogre closely misses you.
You hit the two-headed ogre. You freeze the two-headed ogre.
You bite the two-headed ogre, but do no damage.
The two-headed ogre is lightly wounded.
You block the two-headed ogre's attack. x2
You slash the two-headed ogre! You freeze the two-headed ogre.
The two-headed ogre is heavily wounded.
The two-headed ogre hits you with a +0 giant club!
The two-headed ogre hits you with a +0 giant spiked club!!
* * * LOW HITPOINT WARNING * * *
Okay, then.
As you read the scroll of teleportation, it crumbles to dust.
You feel strangely unstable.
Okay, then.
The two-headed ogre hits you with a +0 giant club!!
You die...

#.# ##.#
#.# #..#
#.# #.##
#.# #.#
#.# #.#
#.# #.#
#.## #.#
#†.## #.#
#.###@#.#
#.#
#...O..#.#
#.#
#####<..##
#.####
##.##
#..... #.#
###### #..
#.## #.#
#.#


You could see a two-headed ogre.

Vanquished Creatures
  Grinder (D:4)
  Eustachio (D:4)
  2 water moccasins
  An ice beast (D:6)
  4 orc warriors
  2 sky beasts
  3 ogres
  2 centaurs (D:7)
  A necrophage (D:5)
  4 bullfrogs (D:7)
  3 scorpions
  A wyvern zombie (D:4)
  2 howler monkeys
  2 centaur zombies
  2 hounds
  A jelly (D:6)
  A gnoll shaman (D:5)
  2 orc priests (D:6)
  A centaur skeleton (D:5)
  An iguana (D:5)
  3 orc wizards
  A killer bee zombie (D:7)
  A hound zombie (D:5)
  Robin (D:3)
  7 gnolls
  5 adders
  A white imp (D:6)
  A shadow imp (D:4)
  An ufetubus (D:5)
  An adder zombie (D:5)
  A dart slug (D:1)
  12 orcs
  9 ball pythons
  3 bats
  2 endoplasms (D:2)
  2 giant cockroaches
  14 hobgoblins
  2 quokkas
  3 frilled lizards
  22 goblins
  7 kobolds
  7 rats
143 creatures vanquished.

Vanquished Creatures (others)
  A phantom (D:7)
1 creature vanquished.

Grand Total: 144 creatures vanquished

Notes
Turn   | Place    | Note
-------+----------+-------------------------------------------
     0 | D:1      | SensoryNuts the Vampire Fighter began the quest for the
                  | Orb.
     0 | D:1      | Reached XP level 1. HP: 17/17 MP: 1/1
   157 | D:1      | Reached XP level 2. HP: 19/23 MP: 2/2
   224 | D:1      | Found a faded altar of an unknown god.
   654 | D:1      | You fall into a shaft and drop 1 floor!
   963 | D:2      | Gained mutation: You are afflicted with vampirism and can
                  | become a bat while bloodless. [Vampire growth]
   963 | D:2      | Reached XP level 3. HP: 14/28 MP: 3/3
  1110 | D:2      | Found an ornate altar of the Wu Jian Council.
  1676 | D:3      | Found an iron altar of Okawaru.
  1894 | D:3      | Identified the +1 helmet "Pipilijo" {Will+}
  1894 | D:3      | Noticed Robin
  1931 | D:3      | Killed Robin
  1932 | D:3      | Reached skill level 3 in Long Blades
  1932 | D:3      | Reached XP level 4. HP: 22/34 MP: 4/4
  2876 | D:4      | Noticed Grinder
  2887 | D:4      | Killed Grinder
  2888 | D:4      | Reached skill level 1 in Dodging
  2888 | D:4      | Reached XP level 5. HP: 40/41 MP: 5/5
  2888 | D:4      | Reached XP level 6. HP: 46/47 MP: 6/6
  3414 | D:4      | Noticed Eustachio
  3424 | D:4      | Killed Eustachio
  3425 | D:4      | Reached skill level 4 in Long Blades
  3425 | D:4      | Reached skill level 1 in Stealth
  3425 | D:4      | Reached XP level 7. HP: 40/52 MP: 7/7
  3493 | D:4      | Identified the +1 long sword of Gozag's Scorn {freeze, rC++
                  | Will- Int+4}
  3833 | D:5      | Entered Level 5 of the Dungeon
  3879 | D:5      | Reached skill level 5 in Long Blades
  3999 | D:5      | Reached skill level 1 in Evocations
  4003 | D:5      | Reached skill level 5 in Armour
  4013 | D:5      | Reached XP level 8. HP: 45/58 MP: 8/8
  4368 | D:5      | Reached skill level 6 in Long Blades
  4603 | D:6      | Found a staircase to the Ecumenical Temple.
  4680 | D:6      | Reached skill level 5 in Shields
  4812 | Temple   | Entered the Ecumenical Temple
  4924 | Temple   | Became a worshipper of Makhleb the Destroyer
  5095 | D:6      | Reached skill level 7 in Long Blades
  5143 | D:6      | Reached XP level 9. HP: 62/65 MP: 9/9
  5318 | D:7      | Reached skill level 8 in Long Blades
  5859 | D:6      | Found an opulent altar of Gozag.
  5944 | D:6      | HP: 1/66 [orc warrior (18)]
  6416 | D:6      | Found a shadowy altar of Dithmenos.
  7053 | D:7      | Reached * piety under Makhleb
  7155 | D:7      | Reached skill level 9 in Long Blades
  7166 | D:7      | Noticed a two-headed ogre
  7173 | D:7      | Slain by a two-headed ogre

Illustrated notes

Levels and vault maps discovered:
D:1:      dpeg_arrival_rhombus, layout_loops_corners, basic_ecumenical_altar,
          minmay_misc_feat_tiny
D:2:      layout_basic, basic_altar, dk_vineyard_1
D:3:      layout_loops_ring, kennysheep_okawaru_gauntlet, nrook_campfire,
          chequers_big_river, minmay_misc_feat_ornament,
          chequers_serial_rivers_small_3, uniq_robin
D:4:      layout_basic, uniq_eustachio, uniq_grinder
D:5:      layout_basic, hangedman_decor_peaks_small
D:6:      layout_basic, amethyst_overflow_temple_binary,
          minmay_temple_entry_fiery, minmay_ogre_servants
D:7:      layout_loops_ring, mainiacjoe_overflow_alcove_2,
          grunt_temple_overflow_diamond, kennysheep_mini
Temple:   nicolae_temple_hex_pool

Skill      XL: |  1  2  3  4  5  6  7  8  9 |
---------------+----------------------------+-----
Shields        | 3 4 5 |  5.8
Armour         | 3 4 5 6 |  6.1
Long Blades    | 3 4 5 7 9 |  9.0
Fighting       | 3 4 |  4.6
Dodging        | 1 2 3 |  3.2
Stealth        | 1 2 |  2.5
Evocations     | 1 |  1.5

Action                   |  1- 3 |  4- 6 |  7- 9 || total
-------------------------+-------+-------+-------++-------
Melee: Long sword        |   114 |    73 |   238 ||   425
       Bite              |     6 |    11 |    32 ||    49
Evoke: Wand              |       |     2 |    13 ||    15
  Use: Potion            |     2 |     4 |     9 ||    15
       Scroll            |       |     6 |     9 ||    15
 Stab: Invisible         |       |       |     2 ||     2
Armor: Scale mail        |    64 |    49 |    71 ||   184
       Ring mail         |       |       |    25 ||    25
Dodge: Dodged            |    40 |    23 |    85 ||   148
Block: Kite shield       |    76 |    46 |   189 ||   311
       Reflection        |       |       |     7 ||     7
       Rpst.: Long sword |    10 |     5 |    20 ||    35
